 Dungeon Crawl Stone Soup version 0.22-a0-877-g5c4e1af (webtiles) character file.

97 Nilihum the Poker (level 4, 0/35 HPs)
             Began as a Merfolk Gladiator on July 29, 2018.
             Slain by a centaur
             ... wielding a cursed -1 shortbow
              (1 damage)
             ... on level 4 of the Dungeon.
             The game lasted 00:02:56 (2090 turns).

Nilihum the Poker (Merfolk Gladiator)               Turns: 2090, Time: 00:02:56

Health: 0/35       AC:  5    Str: 19    XL:     4   Next: 68%
Magic:  4/4        EV: 15    Int:  7    God:
Gold:   160        SH:  0    Dex: 16    Spells: 3/3 levels left

rFire    . . .     SeeInvis .   a - +0 trident
rCold    . . .     Gourm    .   (no shield)
rNeg     . . .     Faith    .   b - +0 leather armour
rPois    .         Spirit   .   c - +0 helmet
rElec    .         Reflect  .   (no cloak)
rCorr    +         Harm     .   (no gloves)
MR       .....                  e - +0 pair of boots
Stlth    +.........             (no amulet)
HPRegen  0.11/turn              p - ring of resist corrosion
MPRegen  0.09/turn              w - ring of wizardry

@: mighty, hasted, very quick
A: change form in water, swift swim, stealthy swim
a: no special abilities


You were on level 4 of the Dungeon.
You were hungry.

You visited 1 branch of the dungeon, and saw 4 of its levels.

You collected 160 gold pieces.

Inventory:

Hand Weapons
 a - a +0 trident (weapon)
Missiles
 d - 3 throwing nets (quivered)
 n - 7 javelins
Armour
 b - a +0 leather armour (worn)
 c - a +0 helmet (worn)
 e - a +0 pair of boots (worn)
Jewellery
 p - a ring of resist corrosion (left hand)
 w - a ring of wizardry (right hand)
Scrolls
 j - a scroll of remove curse {unknown}
 k - a scroll of immolation {unknown}
 m - a scroll of random uselessness {unknown}
 r - a scroll of identify {unknown}
 u - a scroll of enchant weapon {unknown}
Potions
 g - a potion of might
 h - a potion of ambrosia {unknown}
 i - a potion of flight {unknown}
 l - 2 potions of mutation {unknown}
 o - a potion of invisibility {unknown}
 q - a potion of degeneration {unknown}
 s - a potion of haste
 t - 2 potions of brilliance {unknown}
 v - a potion of magic {unknown}
Comestibles
 f - 5 rations


   Skills:
 + Level 3.2 Fighting
 * Level 6.2 Polearms
 - Level 2.0 Throwing
 + Level 4.9 Dodging


You had 3 spell levels left.
You didn't know any spells.
Your spell library was empty.

Dungeon Overview and Level Annotations

Branches:
Dungeon (4/15)
 Temple: D:4-7

Altars:
Kikubaaqudgha


Message History

Press: ? - help, Dir - move target cursor, f/p - centaur
Aim: a centaur, wielding a shortbow You reach to attack!
You hit the centaur.
The centaur is lightly wounded.
The centaur shoots an arrow.
The arrow misses you.
The centaur shoots an arrow.
The arrow hits you.
* * * LOW HITPOINT WARNING * * *
The centaur misses you.
You hit the centaur.
The centaur is moderately wounded.
The centaur hits you with a shortbow.
* * * LOW HITPOINT WARNING * * *
It was a potion of might.
You feel very mighty all of a sudden. The centaur hits you with a shortbow.
* * * LOW HITPOINT WARNING * * *
The centaur closely misses you.
It was a potion of haste.
You feel yourself speed up. The centaur hits you with a shortbow.
You die...

##########
.........
.......c#
#@# #(#
#.# #(#
#(# #(#
#(# #<#
###


You could see a centaur.

Vanquished Creatures
  Natasha (D:2)
  An adder (D:2)
  3 dart slugs
  2 leopard geckos
  2 giant cockroaches
  8 goblins
  10 hobgoblins
  2 quokkas (D:2)
  8 bats
  2 frilled lizards
  7 kobolds
  8 rats
54 creatures vanquished.

Notes
Turn   | Place    | Note
-------+----------+-------------------------------------------
     0 | D:1      | Nilihum the Merfolk Gladiator began the quest for the Orb.
     0 | D:1      | Reached XP level 1. HP: 16/16 MP: 1/1
   135 | D:1      | Reached XP level 2. HP: 23/23 MP: 2/2
   173 | D:1      | Reached skill level 5 in Polearms
   383 | D:1      | Reached XP level 3. HP: 28/28 MP: 3/3
   785 | D:2      | Noticed Natasha
   799 | D:2      | Killed Natasha
   799 | D:2      | Reached skill level 6 in Polearms
   799 | D:2      | Reached XP level 4. HP: 33/35 MP: 4/4
   852 | D:2      | Found an ancient bone altar of Kikubaaqudgha.
  2080 | D:4      | Noticed a centaur
  2089 | D:4      | HP: 1/35 [centaur/shortbow (1)]
  2090 | D:4      | Slain by a centaur

Vault maps used:
D:1:      matt_arrival_los_fun
D:2:      nicolae_overflow_crystal_walls, uniq_natasha
D:3:      first_ration
D:4:      mumra_celtic_spiral_tile, minivault_19, uniq_blork_the_orc

Skill      XL: |  1  2  3 |
---------------+----------+-----
Polearms       | 5 6 |  6.2
Fighting       | 3 |  3.2
Throwing       | |  2.0
Dodging        | |  4.9

Action                   |  1- 3 |  4- 6 || total
-------------------------+-------+-------++-------
Melee: Trident           |   115 |    81 ||   196
  Use: Potion            |       |     2 ||     2
 Stab: Distracted        |     2 |       ||     2
       Sleeping          |     2 |     1 ||     3
  Eat: Chunk             |       |     3 ||     3
Armor: Leather armour    |    24 |    11 ||    35
Dodge: Dodged            |    72 |    37 ||   109

Table legend:
 A = Spawn XP
 B = Non-spawn XP
 C = Spawn XP percentage of total XP
 D = Spawn monster count
 E = Non-spawn monster count
 F = Spawn count percentage of total count
 G = Total turns spent on level
                    A         B        C        D         E        F      G
               +---------+---------+-------+---------+---------+-------+---------
         Total |       0 |     139 |   0.0 |       0 |      54 |   0.0 |  2090
               +---------+---------+-------+---------+---------+-------+---------
           D:1 |       0 |      34 |   0.0 |       0 |      20 |   0.0 |   488
           D:2 |       0 |      83 |   0.0 |       0 |      22 |   0.0 |   711
           D:3 |       0 |      22 |   0.0 |       0 |      12 |   0.0 |   879
               +---------+---------+-------+---------+---------+-------+---------
